 Dungeon Crawl Stone Soup version 0.31-a0-875-g02e7d12df6 (webtiles) character file.

Game seed: 10889366181514925610

24892 pokeman the Eclecticist (level 12, -12/68 HPs)
             Began as a Deep Elf Hedge Wizard on Oct 13, 2023.
             Was an Elder of Vehumet.
             Shot with an arrow by Nessos (22 damage)
             ... on level 14 of the Dungeon.
             The game lasted 00:55:12 (16716 turns).

pokeman the Eclecticist (Deep Elf Hedge Wizard)    Turns: 16716, Time: 00:55:13

Health: -12/68     AC: 13    Str:  7    XL:     12   Next: 84%
Magic:  36/36      EV: 12    Int: 31    God:    Vehumet [****..]
Gold:   986        SH:  5    Dex: 14    Spells: 12/47 levels left

rFire   + . .        R - +1 trident (venom)
rCold   . . .        (no shield)
rNeg    . . .        B - +3 leather armour {rF+}
rPois   +            q - +2 hat
rElec   .            (no cloak)
rCorr   .            P - +2 pair of gloves
SInv    .            e - +0 pair of boots
Will    +....        t - amulet of reflection
Stlth   ++           x - ring of poison resistance
HPRegen 0.31/turn    w - +6 ring of intelligence
MPRegen 0.25/turn

%: reflection
@: no status effects
A: no striking features
a: Renounce Religion


You were on level 14 of the Dungeon.
You worshipped Vehumet.
Vehumet was greatly pleased with you.
You visited 2 branches of the dungeon, and saw 15 of its levels.

You collected 1196 gold pieces.
You spent 210 gold pieces at shops.

Inventory:

Hand Weapons
 R - a +1 trident of venom (weapon)
Missiles
 s - a throwing net
 N - 5 curare-tipped darts
Armour
 b - +0 fire dragon scales
 e - a +0 pair of boots (worn)
 g - +0 pearl dragon scales
 i - +0 acid dragon scales
 p - an orb of light
 q - a +2 hat (worn)
 B - a +3 leather armour of fire resistance (worn)
 J - a +0 leather armour of cold resistance
 P - a +2 pair of gloves (worn)
Magical Staves
 C - a staff of death
Jewellery
 j - a +6 ring of intelligence
 l - a ring of wizardry
 m - a +6 ring of strength
 n - a +6 ring of intelligence
 t - an amulet of reflection (around neck)
 w - a +6 ring of intelligence (right hand)
 x - a ring of poison resistance (left hand)
 O - a ring of protection from cold
Wands
 v - a wand of polymorph (9)
 W - a wand of light (9)
Scrolls
 a - a scroll of enchant armour
 k - a scroll of noise
 o - 4 scrolls of revelation
 y - a scroll of fog
 A - 8 scrolls of poison
 E - 3 scrolls of teleportation
 I - 2 scrolls of blinking
 U - a scroll of brand weapon {unknown}
Potions
 c - 2 potions of enlightenment
 d - 3 potions of magic
 f - 4 potions of curing
 h - a potion of invisibility
 r - a potion of cancellation
 u - a potion of might
 z - a potion of lignification
 F - 2 potions of ambrosia {unknown}
 G - 2 potions of resistance {unknown}
 H - 3 potions of haste {unknown}
 Q - 3 potions of mutation {unknown}
 V - 3 potions of heal wounds
Miscellaneous
 T - a box of beasts


   Skills:
 + Level 5.0 Fighting
 - Level 5.0 Armour
 - Level 3.0 Dodging
 - Level 3.0 Stealth
 * Level 18.1 Spellcasting
 + Level 10.9 Conjurations
 - Level 1.1 Summonings
 - Level 1.2 Necromancy
 - Level 1.1 Translocations
 - Level 2.0 Transmutations
 + Level 7.4 Fire Magic
 - Level 1.0 Ice Magic
 - Level 7.0 Air Magic
 - Level 2.0 Earth Magic
 - Level 1.0 Poison Magic
 - Level 1.2 Evocations


You had 12 spell levels left.
You knew the following spells:

 Your Spells              Type           Power      Damage    Failure   Level
a - Magic Dart            Conj           100%       1d8       0%          1
b - Mephitic Cloud        Conj/Pois/Air  61%        N/A       1%          3
c - Call Imp              Summ           70%        N/A       1%          2
d - Blink                 Tloc           70%        N/A       1%          2
e - Foxfire               Conj/Fire      100%       2x1d9     1%          1
f - Stone Arrow           Conj/Erth      100%       3d13      1%          3
g - Starburst             Conj/Fire      35%        6d10      1%          6
h - Airstrike             Air            32%        2d(5-21)  1%          4
i - Freezing Cloud        Conj/Ice/Air   30%        6-21      1%          5
j - Irradiate             Conj/Tmut      31%        3d22      1%          5
k - Ignite Poison         Fire/Tmut/Pois 49%        N/A       1%          3

Your spell library contained the following spells:

 Spells                   Type           Power      Damage    Failure   Level
 Iskenderun's Mystic Bla  Conj/Tloc      60%        2d13      1%          4
 Apportation              Tloc           70%        N/A       1%          1
 Sandblast                Erth           80%        2d17      1%          1
 Shock                    Conj/Air       100%       1d9       1%          1
 Slow                     Hex            100%       N/A       1%          1
 Sting                    Tmut/Pois      100%       1d8       1%          1
 Cigotuvi's Dreadful Rot  Necr/Pois/Air  94%        N/A       1%          2
 Lesser Beckoning         Tloc           70%        N/A       1%          2
 Passwall                 Tmut/Erth      33%        N/A       1%          2
 Sublimation of Blood     Necr           35%        N/A       1%          2
 Wereblood                Tmut           40%        N/A       1%          2
 Dazzling Flash           Conj/Hex       100%       N/A       1%          3
 Frozen Ramparts          Ice            68%        1d11      1%          3
 Inner Flame              Hex/Fire       50%        N/A       1%          3
 Swiftness                Air            64%        N/A       1%          3
 Brom's Barrelling Bould  Conj/Erth      62%        2d8       1%          4
 Flame Wave               Conj/Fire      71%        2d16      1%          4
 Sticky Flame             Conj/Fire      71%        2d8       1%          4
 Gell's Gravitas          Tloc           35%        N/A       3%          3
 Teleport Other           Tloc           35%        N/A       3%          3
 Plasma Beam              Fire/Air       32%        2x1d45    4%          6
 Petrify                  Tmut/Erth      40%        N/A       9%          4
 Silence                  Hex/Air        24%        N/A       13%         5
 Agony                    Necr           35%        N/A       32%         5
 Metabolic Englaciation   Hex/Ice        15%        N/A       41%         5
 Summon Hydra             Summ           17%        N/A       100%        7


Dungeon Overview and Level Annotations

Branches:
Dungeon (14/15)            Temple (1/1) D:4            Lair (0/5) D:9
    Orc (0/2) D:10
 Vaults: D:13-14

Altars:
Ashenzari
Cheibriados
Dithmenos
Elyvilon
Fedhas
Gozag
Hepliaklqana
Kikubaaqudgha
Makhleb
Nemelex Xobeh
Okawaru
Qazlal
Ru
Sif Muna
Trog
Uskayaw
Vehumet
Wu Jian
Xom
Yredelemnul
Zin
The Shining One
Lugonu

Shops:
D:7 (   D:13 !   D:14 =

Annotations:
D:4 Scrolls behind grate
D:6 3 runed translucent doors, Brisketman's ghost, novice DgGl
D:12 3 runed translucent doors, Ehotes's ghost, journeyman OpEE
D:14 Nessos; Urug


Message History

Press: ? - help, Dir - look around, f - activate
Okay, then.
Unknown command.
Unknown command.
Nessos gestures wildly while chanting.
Nessos seems to speed up.
You hear a shout!
Casting: Starburst (dangerous; 1% risk of failure)
Confirm with . or Enter, or press ? or * to list all spells.
A tiny devil pulls itself out of the air.
Nessos wields a +1 longbow of flaming.
It bursts into flame!
Nessos shoots an arrow.
The arrow barely misses you.
Nessos shoots an arrow.
The arrow hits you!
Nessos shoots an arrow.
The arrow hits you! The arrow burns you.
Nessos shoots an arrow.
The arrow hits you. The arrow burns you.
You are poisoned.
You swap places.
You feel very sick.
Urug throws a javelin.
The javelin pierces through your cerulean imp!
The javelin pierces through you!
* * * LOW HITPOINT WARNING * * *
Unknown command.
You feel sick.
Nessos mumbles some strange words.
Nessos blinks!
Unknown command.
You feel sick.
Your cerulean imp misses Urug.
Urug completely misses your cerulean imp.
You feel sick.
You feel sick.
You feel sick.
You feel sick.
You feel sick.
You feel sick.
You are no longer poisoned.
Nessos shoots an arrow.
The arrow barely misses you.
Your cerulean imp barely misses Urug.
Nessos shoots an arrow.
The arrow hits you!!
You die...

#.##........# #.##........#
#.##........# ########
####........# #......#
#........##### ########......#
#........#.... ..............#
#........#.###
............########........#.#
.............[%.@.).....#####.#
............####........##.##.#
............# #........##.##.#
............# #........##.##.#
# ............#
##.##5##.#...#####
............# #.........#......
............# #co#....#...#####
............# #....##.##.## #
#.##.##..#.#


You could see Nessos (fast), Urug (ally target) and a friendly cerulean imp
(summoned).

Vanquished Creatures
  A fire dragon (D:11)
  A hydra (D:14)
  Erolcha (D:9)
  Erica (D:8)
  2 two-headed ogres
  2 centaur warriors (D:13)
  Sonja (D:12)
  Pikel (D:4)
  A deep elf pyromancer (D:13)
  2 ugly things
  3 cyclopes
  3 manticores
  2 gargoyles
  A kobold demonologist (D:12)
  2 unseen horrors (D:13)
  2 freezing wraiths (D:14)
  A komodo dragon (D:9)
  A hornet (D:8)
  A troll (D:12)
  Grinder (D:6)
  8 slime creatures
  Sigmund (D:4)
  5 shadows
  A wyvern (D:11)
  Eustachio (D:5)
  A vampire (D:8)
  A yak (D:6)
  5 wraiths
  3 fire bats (D:11)
  4 fire elementals (D:11)
  2 steam dragons
  13 vampire mosquitoes
  2 acid dragons (D:11)
  2 water moccasins
  Duvessa (D:5)
  3 ice beasts
  11 orc warriors
  A black bear (D:6)
  4 sky beasts
  4 ogres
  6 centaurs
  6 kobold brigands
  A wyvern zombie (D:6)
  A gnoll sergeant (D:9)
  7 scorpions
  10 wights
  Dowan (D:5)
  5 killer bees (D:10)
  3 vampire bats (D:7)
  6 howler monkeys
  A centaur zombie (D:6)
  5 jellies
  8 orc priests
  Jessica (D:2)
  2 iguanas
  17 orc wizards
  Natasha (D:2)
  5 gnolls
  7 adders
  7 white imps
  3 ufetubi
  A worm (D:4)
  A dart slug (D:1)
  69 orcs
  6 bats
  A bat skeleton (D:7)
  3 bat zombies (D:7)
  8 endoplasms
  4 giant cockroaches
  13 goblins
  11 hobgoblins
  3 jackals
  5 quokkas
  14 ball pythons
  3 frilled lizards
  22 kobolds
  A rat (D:1)
371 creatures vanquished.

Vanquished Creatures (collateral kills)
  A vampire mosquito (D:10)
  A killer bee (D:10)
  An orc wizard (D:9)
  An orc (D:9)
4 creatures vanquished.

Vanquished Creatures (others)
  109 foxfires
109 creatures vanquished.

Grand Total: 484 creatures vanquished

Notes
Turn   | Place    | Note
-------+----------+-------------------------------------------
     0 | D:1      | pokeman the Deep Elf Hedge Wizard began the quest for the
                  | Orb.
     0 | D:1      | Reached XP level 1. HP: 10/10 MP: 7/7
    99 | D:1      | Reached XP level 2. HP: 7/15 MP: 2/9
  1122 | D:2      | Reached skill level 5 in Spellcasting
  1291 | D:2      | Noticed Jessica
  1298 | D:2      | Killed Jessica
  1299 | D:2      | Reached skill level 1 in Fighting
  1299 | D:2      | Reached skill level 1 in Armour
  1299 | D:2      | Reached XP level 3. HP: 14/20 MP: 3/11
  1303 | D:2      | Learned a level 3 spell: Mephitic Cloud
  1306 | D:2      | Learned a level 2 spell: Blink
  1309 | D:2      | Learned a level 2 spell: Call Imp
  1414 | D:2      | Noticed Natasha
  1423 | D:2      | Killed Natasha
  1424 | D:2      | Reached XP level 4. HP: 22/25 MP: 3/13
  2123 | D:2      | Found a stormy altar of Qazlal.
  2451 | D:3      | Reached skill level 6 in Spellcasting
  2451 | D:3      | Reached XP level 5. HP: 29/29 MP: 1/15
  2967 | D:3      | Noticed an ogre
  2978 | D:3      | Killed an ogre
  2979 | D:3      | Reached skill level 1 in Poison Magic
  2979 | D:3      | Reached skill level 1 in Evocations
  3073 | D:3      | Found an opulent altar of Gozag.
  3702 | D:4      | Noticed an ogre
  3741 | D:4      | Noticed Sigmund
  3768 | D:4      | Found an iron altar of Okawaru.
  3838 | D:4      | Killed Sigmund
  3839 | D:4      | Reached skill level 7 in Spellcasting
  3839 | D:4      | Reached skill level 1 in Air Magic
  3839 | D:4      | Reached XP level 6. HP: 34/34 MP: 6/18
  3931 | D:4      | Learned a level 4 spell: Airstrike
  4196 | D:4      | Found a staircase to the Ecumenical Temple.
  4219 | Temple   | Entered the Ecumenical Temple
  4228 | D:4      | Reached XP level 7. HP: 39/39 MP: 16/20
  4474 | D:4      | Reached skill level 8 in Spellcasting
  4693 | D:4      | Noticed Pikel
  4716 | D:4      | Killed Pikel
  4717 | D:4      | Reached skill level 9 in Spellcasting
  4717 | D:4      | Reached XP level 8. HP: 39/44 MP: 19/23
  5064 | D:4      | Found a glowing silver altar of Zin.
  5135 | D:4      | Found a sparkling altar of Nemelex Xobeh.
  5140 | D:4      | Found a radiant altar of Vehumet.
  5148 | D:4      | Became a worshipper of Vehumet
  5158 | D:4      | Found a shadowy altar of Dithmenos.
  5533 | D:5      | Entered Level 5 of the Dungeon
  5769 | D:5      | Reached skill level 5 in Conjurations
  5789 | D:5      | Noticed Eustachio
  5801 | D:5      | Killed Eustachio
  6137 | D:5      | Noticed Duvessa
  6138 | D:5      | Noticed Dowan
  6150 | D:5      | Killed Duvessa
  6151 | D:5      | Reached skill level 10 in Spellcasting
  6155 | D:5      | Killed Dowan
  6300 | D:6      | Noticed Grinder
  6455 | D:6      | Paralysed by Grinder for 2 turns
  6459 | D:6      | Paralysed by Grinder for 2 turns
  6465 | D:6      | Killed Grinder
  6466 | D:6      | Reached XP level 9. HP: 49/49 MP: 8/25
  6728 | D:6      | Reached skill level 11 in Spellcasting
  6738 | D:6      | Reached * piety under Vehumet
  6738 | D:6      | Offered knowledge of Sandblast by Vehumet.
  6938 | D:6      | Found a runed translucent gate.
  6938 | D:6      | Found a runed translucent gate.
  6938 | D:6      | Found a runed translucent gate.
  6938 | D:6      | Noticed Brisketman's ghost (novice DgGl)
  6940 | D:6      | Found a basalt altar of Yredelemnul.
  7511 | D:6      | Reached skill level 5 in Air Magic
  8140 | D:7      | Reached skill level 12 in Spellcasting
  8354 | D:6      | Offered knowledge of Freeze by Vehumet.
  8359 | D:6      | Learned a level 3 spell: Stone Arrow
  8377 | D:6      | Reached ** piety under Vehumet
  8378 | D:6      | Noticed a gargoyle
  8501 | D:6      | Killed a gargoyle
  8502 | D:6      | Reached skill level 1 in Earth Magic
  8502 | D:6      | Reached XP level 10. HP: 56/56 MP: 21/28
  8645 | D:6      | Noticed a manticore
  8756 | D:6      | Killed a manticore
  8757 | D:6      | Reached skill level 13 in Spellcasting
  9042 | D:7      | Found a broken altar of Ashenzari.
  9121 | D:7      | Found Reusch's Antique Weapon Shoppe.
  9332 | D:7      | Found an ancient bone altar of Kikubaaqudgha.
  9565 | D:8      | Offered knowledge of Ignite Poison by Vehumet.
  9572 | D:8      | Learned a level 3 spell: Ignite Poison
  9829 | D:8      | Reached *** piety under Vehumet
 10308 | D:8      | Found an ornate altar of the Wu Jian Council.
 10314 | D:8      | Found a bloodstained altar of Trog.
 10319 | D:8      | Found a burning altar of Makhleb.
 10488 | D:8      | Got a loosely-bound book
 10491 | D:8      | Learned a level 1 spell: Foxfire
 10506 | D:8      | Noticed Erica
 10516 | D:8      | Killed Erica
 10517 | D:8      | Reached skill level 1 in Transmutations
 10517 | D:8      | Reached skill level 1 in Fire Magic
 10725 | D:9      | Reached skill level 14 in Spellcasting
 10844 | D:9      | Found a staircase to the Lair.
 11062 | D:9      | Noticed Erolcha
 11066 | D:9      | Offered knowledge of Volatile Blastmotes by Vehumet.
 11070 | D:9      | Killed Erolcha
 11071 | D:9      | Reached XP level 11. HP: 62/62 MP: 18/31
 11073 | D:9      | Reached skill level 5 in Fighting
 11329 | D:9      | Found a white marble altar of Elyvilon.
 11517 | D:10     | Entered Level 10 of the Dungeon
 11561 | D:10     | Noticed a two-headed ogre
 11568 | D:10     | Killed a two-headed ogre
 11568 | D:10     | Reached **** piety under Vehumet
 11618 | D:10     | HP: 1/63 [vampire mosquito (6)]
 11901 | D:10     | Offered knowledge of Freezing Cloud by Vehumet.
 11913 | D:10     | Reached skill level 15 in Spellcasting
 11919 | D:10     | Learned a level 5 spell: Freezing Cloud
 11996 | D:10     | Learned a level 5 spell: Irradiate
 12053 | D:10     | Found a staircase to the Orcish Mines.
 12075 | D:10     | Reached skill level 1 in Ice Magic
 12550 | D:10     | Noticed a white ugly thing
 12556 | D:10     | Killed a white ugly thing
 13086 | D:11     | Reached ***** piety under Vehumet
 13087 | D:11     | Noticed a fire dragon
 13090 | D:11     | Offered knowledge of Iskenderun's Mystic Blast by Vehumet.
 13094 | D:11     | Killed a fire dragon
 13332 | D:11     | Reached skill level 16 in Spellcasting
 13439 | D:11     | Reached skill level 5 in Fire Magic
 13743 | D:11     | Reached XP level 12. HP: 68/68 MP: 25/34
 13900 | D:11     | Learned a level 6 spell: Starburst
 14429 | D:12     | Noticed a two-headed ogre
 14432 | D:12     | Killed a two-headed ogre
 14542 | D:12     | Reached skill level 5 in Armour
 14643 | D:12     | Noticed Sonja
 14647 | D:12     | Killed Sonja
 14737 | D:12     | Found a runed translucent gate.
 14738 | D:12     | Found a runed translucent gate.
 14739 | D:12     | Found a runed translucent gate.
 14759 | D:12     | Identified the +7 chain mail of Servitude {Stlth+}
 14760 | D:12     | Noticed Ehotes's ghost (journeyman OpEE)
 15008 | D:13     | Noticed a centaur warrior
 15010 | D:13     | Killed a centaur warrior
 15011 | D:13     | Reached skill level 10 in Conjurations
 15165 | D:13     | Found Bapeczoa's Distillery.
 15175 | D:13     | Bought a potion of heal wounds for 75 gold pieces
 15175 | D:13     | Bought a potion of degeneration for 15 gold pieces
 15175 | D:13     | Bought a potion of curing for 45 gold pieces
 15175 | D:13     | Bought a potion of heal wounds for 75 gold pieces
 15189 | D:13     | Reached skill level 17 in Spellcasting
 15271 | D:13     | Noticed a centaur warrior
 15275 | D:13     | Killed a centaur warrior
 16232 | D:14     | Noticed an eight-headed hydra
 16238 | D:14     | Killed an eight-headed hydra
 16394 | D:14     | Reached skill level 18 in Spellcasting
 16472 | D:14     | Found Humotriadd's Jewellery Emporium.
 16583 | D:14     | Reached skill level 1 in Necromancy
 16697 | D:14     | Noticed Urug
 16699 | D:14     | Noticed Nessos
 16716 | D:14     | Shot with an arrow by Nessos

Illustrated notes

Levels and vault maps discovered:
D:1:      dpeg_arrival_rhombus, layout_loops_ring,
          hangedman_decor_diamond_cutter
D:2:      layout_basic, basic_altar, minmay_increasing_density, uniq_jessica,
          uniq_natasha
D:3:      layout_basic, lemuel_crystal_altar, serial_bayou,
          serial_bayou_crossing, serial_bayou_shore_a, serial_bayou_lagoon_b,
          serial_bayou_ford_a
D:4:      minmay_chambers_of_threes, layout_basic, zin_scriptorium,
          mainiacjoe_overflow_chevrons, grunt_temple_overflow_open,
          minmay_temple_entry_mist, serial_rivers,
          chequers_serial_rivers_large_a, chequers_serial_rivers_marsh,
          chequers_serial_rivers_marsh, chequers_serial_rivers_micro_b,
          uniq_sigmund, uniq_pikel
D:5:      layout_cave_pools, kennysheep_nondescript, uniq_duvessa,
          uniq_eustachio
D:6:      minmay_klotski, layout_loops_ring, nicolae_yredelemnul_ghost_church,
          nicolae_nh_ransacked_shop, uniq_grinder
D:7:      layout_basic, kennysheep_vampire_church, lemuel_tele_altar,
          serial_shops, nicolae_shop_crystal, minmay_misc_feat_roman,
          ebering_dispersal_statue_hall, minmay_misc_feat_hallway
D:8:      layout_basic, minmay_overflow_temple_star_quad, grunt_decor_fettered,
          minmay_misc_feat_x, uniq_erica
D:9:      layout_rooms, elyvilon_altar_1, david_lair_shrubbed, uniq_erolcha
D:10:     layout_long_grid, david_orc_5
D:11:     minmay_firetagon, layout_gridville, kennysheep_generic_room_16
D:12:     layout_long_grid, gammafunk_ghost_spectres, uniq_sonja
D:13:     layout_rooms, drop_trap, nicolae_stop_n_shop_1
D:14:     layout_basic, david_vaults_3, serial_shops, shop,
          minmay_misc_feat_tower
Temple:   corrupted_temple

Skill      XL: |  1  2  3  4  5  6  7  8  9 10 11 12 |
---------------+-------------------------------------+-----
Spellcasting   | 5 6 7 9 10 12 14 16 18 | 18.1
Fighting       | 1 2 3 4 5 |  5.0
Armour         | 1 2 3 4 5 |  5.0
Conjurations   | 2 3 4 5 7 8 9 10 | 10.9
Stealth        | 3 |  3.0
Dodging        | 3 |  3.0
Poison Magic   | 1 |  1.0
Evocations     | 1 |  1.2
Air Magic      | 1 2 3 4 5 7 |  7.0
Earth Magic    | 1 2 |  2.0
Transmutations | 2 |  2.0
Fire Magic     | 2 5 7 |  7.4
Ice Magic      | 1 |  1.0
Necromancy     | 1 |  1.2
Summonings     | |  1.1
Translocations | |  1.1

Action                     |  1- 3 |  4- 6 |  7- 9 | 10-12 || total
---------------------------+-------+-------+-------+-------++-------
  Melee: Dagger            |    12 |     7 |    55 |       ||    74
         Hand axe          |       |       |    86 |    76 ||   162
         Whip              |       |       |    11 |       ||    11
         Punch             |       |       |     2 |     1 ||     3
         Trident           |       |       |       |    46 ||    46
   Cast: Magic Dart        |    66 |   116 |   134 |    50 ||   366
         Mephitic Cloud    |       |     6 |    26 |    32 ||    64
         Airstrike         |       |       |    34 |    36 ||    70
         Blink             |       |       |     4 |       ||     4
         Call Imp          |       |       |     3 |     4 ||     7
         Stone Arrow       |       |       |     2 |    76 ||    78
         Foxfire           |       |       |       |    64 ||    64
         Ignite Poison     |       |       |       |    10 ||    10
         Freezing Cloud    |       |       |       |    11 ||    11
         Starburst         |       |       |       |    50 ||    50
  Evoke: Wand              |       |       |       |     2 ||     2
    Use: Scroll            |       |       |       |    20 ||    20
   Stab: Confused          |       |     3 |    14 |     7 ||    24
         Distracted        |       |       |       |     1 ||     1
 Armour: Robe              |    17 |     4 |    23 |       ||    44
         Leather armour    |       |       |    63 |   156 ||   219
  Dodge: Dodged            |    23 |     9 |    88 |    97 ||   217
  Block: Other             |       |     5 |    40 |    35 ||    80
         Reflection        |       |     1 |     1 |     2 ||     4

Table legend: (Time is in decaauts)
 A = Elapsed time spent in this place.
 B = Non-inter-level travel time spent in this place.
 C = Inter-level travel time spent in this place.
 D = Time resting spent in this place.
 E = Time spent auto-exploring this place.
 F = Levels seen in this place.
 G = Mean time per level.
                   A        B        C        D        E       F      G
               +--------+--------+--------+--------+--------+-----+--------+
         Total |  16875 |  16088 |    787 |    736 |  12936 |  15 | 1125.0 |
       Dungeon |  16841 |  16059 |    782 |    736 |  12936 |  14 | 1202.9 |
        Temple |     33 |     29 |      4 |      0 |      0 |   1 |   33.0 |
               +--------+--------+--------+--------+--------+-----+--------+

Top non-repeatable levels by time:
     D:4: 2155 daAuts
     D:6: 2013 daAuts
    D:10: 1495 daAuts
     D:8: 1309 daAuts
     D:3: 1304 daAuts
     D:2: 1303 daAuts
    D:13: 1222 daAuts
     D:1: 1117 daAuts
     D:7: 995 daAuts
    D:11: 954 daAuts
    D:12: 895 daAuts
     D:9: 877 daAuts
     D:5: 712 daAuts
    D:14: 484 daAuts
  Temple: 33 daAuts
